 Dungeon Crawl Stone Soup version 0.26-a0-660-gc07710193c (webtiles) character file.

Game seed: 9480156911021118568

157231 MrRokkomies the Protected (level 17, -7/135 HPs)
             Began as a Gnoll Wanderer on Oct 7, 2020.
             Was the Champion of Makhleb.
             Killed from afar by a nagaraja (19 damage)
             ... with a lance of force
             ... on level 4 of the Snake Pit.
             The game lasted 01:15:28 (40522 turns).

MrRokkomies the Protected (Gnoll Wanderer)         Turns: 40522, Time: 01:15:29

Health: -7/135     AC: 22    Str: 28    XL:     17   Next: 69%
Magic:  32/32      EV: 34    Int: 30    God:    Makhleb [******]
Gold:   1458       SH:  0    Dex: 18    Spells: 11/39 levels left

rFire    + . .     SeeInvis .   a - +8 battleaxe (freeze)
rCold    + + .     Faith    .   (shield currently unavailable)
rNeg     . . .     Spirit   .   Z - +1 ice dragon scales
rPois    +         Reflect  .   E - +2 helmet {Int+3}
rElec    .         Harm     .   W - scarf {shadows}
rCorr    .         Rampage  .   Q - +0 pair of gloves {Str+3}
MR       +....                  v - +0 pair of boots
Stlth    +++.......             u - amulet of the acrobat
HPRegen  0.32/turn              w - ring "Gydio" {rPois rF+ Str+2 Int+6}
MPRegen  0.23/turn              X - ring "Acyurch" {+Blink rF+ Str+6 Dex+3}

@: lethally poisoned (-7 -> -8), acrobat, hasted and slowed
A: distributed training, fangs 1, clever 1, strong nose
a: Minor Destruction, Lesser Servant of Makhleb, Major Destruction, Greater
Servant of Makhleb, Renounce Religion, Evoke Blink


You were on level 4 of the Snake Pit.
You worshipped Makhleb.
Makhleb was exalted by your worship.
You visited 4 branches of the dungeon, and saw 27 of its levels.
You also visited: Ossuary and Volcano.

You collected 3368 gold pieces.
You spent 1910 gold pieces at shops.

Inventory:

Hand Weapons
 a - a +8 battleaxe of freezing (weapon)
 b - a +2 longbow of flaming
 n - a +2 dagger of venom
 s - a +1 scimitar of flaming
 R - the +2 flail "Wujoniem" {freeze, rElec rPois Str-4 Int+4}
   (You found it on level 1 of the Lair of Beasts)

   It has been specially enchanted to freeze those struck by it, causing extra
   injury to most foes and up to half again as much damage against particularly
   susceptible opponents.
   It can also slow down cold-blooded creatures.
   It affects your strength (-4).
   It affects your intelligence (+4).
   It insulates you from electricity.
   It protects you from poison.
Missiles
 c - 382 arrows
 k - 7 curare-tipped darts
 C - 8 datura-tipped darts
 I - 7 atropa-tipped darts
 L - 56 poisoned darts (quivered)
Armour
 v - a +0 pair of boots (worn)
 E - a +2 helmet of intelligence (worn)
 Q - a +0 pair of gloves of strength (worn)
 W - a scarf of shadows (worn)
 Z - +1 ice dragon scales (worn)
Jewellery
 q - an uncursed ring of wizardry
 r - an uncursed ring of see invisible
 u - an amulet of the acrobat (around neck)
 w - the ring "Gydio" (left hand) {rPois rF+ Str+2 Int+6}
   (You bought it in a shop on level 4 of the Dungeon)

   [ring of intelligence]

   It affects your strength (+2).
   It affects your intelligence (+6).
   It protects you from fire.
   It protects you from poison.
 J - an uncursed ring of protection from fire
 O - an uncursed ring of positive energy
 S - an uncursed amulet of regeneration
 X - the ring "Acyurch" (right hand) {+Blink rF+ Str+6 Dex+3}
   (You found it on level 2 of the Lair of Beasts)

   [ring of strength]

   It affects your strength (+6).
   It affects your dexterity (+3).
   It protects you from fire.
   It lets you blink.
Wands
 g - a wand of iceblast (10)
 m - a wand of paralysis (29)
 A - a wand of digging (3)
 F - a wand of random effects (36)
 K - a wand of disintegration (10)
 M - a wand of acid (6)
 N - a wand of flame (60)
 T - a wand of polymorph (8)
 Y - a wand of enslavement (4)
Scrolls
 d - 12 scrolls of teleportation
 e - a scroll of enchant armour
 h - 3 scrolls of fog
 p - 16 scrolls of remove curse
 t - 10 scrolls of amnesia
 y - 3 scrolls of enchant weapon
 H - 8 scrolls of identify
 P - a scroll of immolation
Potions
 f - 7 potions of stabbing
 i - 3 potions of haste
 j - 6 potions of curing
 l - a potion of might
 o - 6 potions of lignification
 x - 3 potions of flight
 z - 3 potions of mutation
 D - 3 potions of brilliance
 V - 2 potions of resistance
Miscellaneous
 G - a condenser vane (2/2)


   Skills:
 + Level 12.4 Fighting
 + Level 11.6 Short Blades
 + Level 11.6 Long Blades
 + Level 11.6 Axes
 + Level 11.9 Maces & Flails
 + Level 11.6 Polearms
 + Level 11.6 Staves
 + Level 11.6 Slings
 + Level 12.4 Bows
 + Level 11.6 Crossbows
 + Level 11.9 Throwing
 + Level 13.1 Armour
 + Level 11.6 Dodging
 + Level 11.6 Stealth
 + Level 11.6 Shields
 + Level 11.6 Unarmed Combat
 + Level 11.6 Spellcasting
 + Level 10.0 Conjurations
 + Level 10.0 Hexes
 + Level 10.0 Summonings
 + Level 10.0 Necromancy
 + Level 10.0 Translocations
 + Level 10.0 Transmutations
 + Level 10.0 Fire Magic
 + Level 10.0 Ice Magic
 + Level 10.0 Air Magic
 + Level 10.0 Earth Magic
 + Level 10.0 Poison Magic
 + Level 12.6 Invocations
 + Level 11.9 Evocations


You had 11 spell levels left.
You knew the following spells:

 Your Spells              Type           Power        Failure   Level
a - Gell's Gravitas       Tloc           #####.....   1%          3
b - Freezing Cloud        Conj/Ice/Air   #####.....   14%         6
c - Lee's Rapid Deconstr  Erth           #####.....   2%          5
d - Iskenderun's Mystic   Conj/Tloc      #####...     1%          4
e - Metabolic Englaciati  Hex/Ice        #####.....   2%          5
f - Borgnjor's Vile Clut  Necr/Erth      #####.....   2%          5

Your spell library contained the following spells:

 Spells                   Type           Power        Failure   Level
 Magic Dart               Conj           ####         1%          1
 Sandblast                Erth           #####.       1%          1
 Ensorcelled Hibernation  Hex/Ice        #####.       1%          2
 Passwall                 Tmut/Erth      #####...     1%          2
 Poisonous Vapours        Pois/Air       #####.       1%          2
 Searing Ray              Conj           #####.       1%          2
 Confusing Touch          Hex            #####...     1%          3
 Conjure Flame            Conj/Fire      #####...     1%          3
 Dazzling Flash           Conj/Hex       #####.       1%          3
 Mephitic Cloud           Conj/Pois/Air  #####...     1%          3
 Stone Arrow              Conj/Erth      #####.       1%          3
 Fulminant Prism          Conj/Hex       #####.....   1%          4
 Petrify                  Tmut/Erth      #####...     1%          4
 Silence                  Hex/Air        #####.....   2%          5
 Yara's Violent Unravell  Hex/Tmut       #####.....   2%          5
 Shadow Creatures         Summ           N/A          14%         6
 Statue Form              Tmut/Erth      #####....    14%         6


Dungeon Overview and Level Annotations

Branches:
Dungeon (15/15)            Temple (0/1) D:7            Lair (6/6) D:11
 Shoals (0/4) Lair:2        Snake (4/4) Lair:2        Slime (0/5) Lair:5
    Orc (2/2) D:10            Elf (0/3) Orc:2        Vaults (0/5) D:13
 Depths (0/5) D:15        Ossuary (visited)         Volcano (visited)

Altars:
Ashenzari
Cheibriados
Elyvilon
Hepliaklqana
Makhleb
Nemelex Xobeh
Ru
Sif Muna
Trog
Uskayaw
Vehumet
Yredelemnul
Beogh
Jiyva

Shops:
D:4 =   D:6 }   D:10 *   Orc:2 =}[=[*((:

Portals:
Abyss: D:11

Annotations:
D:11 2 transporters, Ikkaipock's ghost, journeyman KoVM
Snake:2 1 runed translucent door, Gargoyl's ghost, adept GnAK


Innate Abilities, Weirdness & Mutations

Your experience applies equally to all skills.
You have very sharp teeth.
Your uncanny sense of smell can sniff out nearby items.
Your mind is acute. (Int +2)


Message History

The nagaraja loses its grip on you.
You slice the nagaraja!! You freeze the nagaraja!
You bite the nagaraja, but do no damage.
The nagaraja is heavily wounded.
You barely miss the nagaraja.
You feel sick.
The nagaraja hits you but does no damage.
The nagaraja closely misses you.
The nagaraja hits you with a cursed +0 club.
* * * LOW HITPOINT WARNING * * *
The nagaraja misses you.
You hit the nagaraja. You freeze the nagaraja.
The nagaraja is heavily wounded.
You slash the nagaraja! You freeze the nagaraja. The nagaraja hits you.
* * * LOW HITPOINT WARNING * * *
The nagaraja closely misses you. The nagaraja spits poison at you.
The splash of poison misses you. The nagaraja casts a spell at you.
The lance of force hits you!!
You die...

####..# *,,,,,* ***,,,,,,,,
##....###**..**,*### **,,*****
........##..#**##..## ****,,,,
..###......#* #..((## ***,,,,,,
#####......#####...(.##**,,,⌠,,,,
#..####...##(.)(...#*,,,,,,,,⌠
##..# #....#.)†#,,,**,,,,,,,,,
#..## #.(..#.N##,,,*,,,,8,8,8,
##..# ##.).#N@#**,,,,,,,,,,,,,
#...# ##[..#).#,*,,,,,⌠,,,,,,,
##..## ##.#..#)÷#,*,,,,,,,,,,,,,
#...# ###..#)(#..#,**,*,,,,8,8,8,
....###....#[)#..#,,****,,,,,,,,,
.......)...#..)..#,,,,**,,,,,,,,⌠
....<)..).##....##**,,,**,,,⌠,,,,
...........#....# **,,,***,,,,,,
......###..##..## **,,,,***,,,,


You could see 2 nagarajas.

Vanquished Creatures
  Jorgrun (Snake:1)
  Frances (D:14)
  8 nagarajas
  Aizul (Snake:1)
  Nessos (D:15)
  An ettin (Orc:1)
  A deep elf high priest (D:14)
  Josephine (D:11)
  Fannar (D:12)
  4 vault guards (D:13)
  An ogre mage (D:14)
  7 hydras
  4 centaur warriors
  3 boulder beetles
  7 naga warriors
  An ice dragon (Lair:6)
  A catoblepas (Lair:6)
  8 anacondas
  4 two-headed ogres
  4 death yaks (Lair:6)
  3 naga sharpshooters
  4 shock serpents
  2 salamander mystics (Snake:2)
  8 skeletal warriors
  5 naga ritualists
  3 unseen horrors
  Pikel (D:5)
  2 lindwurms (Lair:6)
  A harpy (shapeshifter) (D:14)
  2 orc knights
  4 deep elf magi
  9 orc sorcerers
  3 wolf spiders
  7 mana vipers
  2 manticores (D:12)
  2 cyclopes
  4 ugly things
  6 salamanders
  An elephant (Snake:1)
  11 guardian serpents
  32 black mambas
  A gargoyle (D:13)
  15 naga magi
  5 torpor snails (Lair:6)
  17 cane toads
  2 molten gargoyles (Volcano)
  A kobold demonologist (D:14)
  3 centaur skeletons (D:14)
  2 rime drakes
  5 komodo dragons
  3 yaktaurs (D:13)
  2 efreet
  4 trolls
  3 meliai (D:14)
  A polar bear (Lair:4)
  9 slime creatures
  A wind drake (shapeshifter) (D:15)
  3 tyrant leeches (Lair:6)
  9 blink frogs
  A wolf spider simulacrum (D:14)
  A dream sheep (shapeshifter) (D:15)
  12 hornets
  12 dream sheep
  A vampire (D:13)
  4 redbacks (Lair:6)
  A water elemental (D:15)
  2 centaur simulacra (D:14)
  A spriggan (D:9)
  5 wraiths (D:11)
  A fire bat (Volcano)
  15 wyverns
  40 yaks
  4 basilisks
  A fire elemental (Volcano)
  8 vampire mosquitoes
  Edmund (D:5)
  Menkaure (D:5)
  9 wargs
  A steam dragon (D:14)
  An acid dragon (D:14)
  2 soldier ants
  An insubstantial wisp (Lair:2)
  33 nagas
  A swamp worm (shapeshifter) (D:14)
  16 water moccasins
  5 black bears
  2 ice beasts
  An eye of draining (D:13)
  4 sky beasts
  17 orc warriors
  2 necrophages
  16 ogres
  20 wolves
  8 centaurs
  3 big kobolds
  15 bullfrogs
  A gnoll sergeant (D:7)
  An earth elemental (Volcano)
  13 scorpions
  6 killer bees (D:10)
  9 howler monkeys
  10 wights
  2 bullfrog zombies
  6 lava snakes (Volcano)
  2 human zombies (Ossuary)
  3 centaur zombies
  5 jellies
  5 hounds
  14 orc priests
  3 bullfrog skeletons
  10 worker ants
  41 orc wizards
  A killer bee zombie (D:6)
  2 big kobold zombies (Ossuary)
  A hound zombie (D:7)
  3 mummies (Ossuary)
  A howler monkey zombie (D:9)
  4 gnolls (D:7)
  A howler monkey skeleton (D:6)
  9 adders
  2 scorpion zombies (Ossuary)
  2 white imps
  4 ufetubi
  3 oozes
  2 adder zombies
  2 adder skeletons
  4 worms
  6 dart slugs
  6 leopard geckos
  109 orcs
  8 giant cockroaches
  6 goblins
  7 hobgoblins
  14 jackals
  15 kobolds
  3 quokkas
  3 ball pythons
  10 bats
  6 frilled lizards
  3 goblin zombies (Ossuary)
  A hobgoblin zombie (Ossuary)
  A jackal skeleton (D:7)
  4 kobold zombies
  A leopard gecko skeleton (D:5)
  9 rats
  A bush (Lair:4)
911 creatures vanquished.

Vanquished Creatures (collateral kills)
  A stone giant (Volcano)
  Snorg (D:12)
  A boulder beetle (D:13)
  A centaur warrior (D:12)
  3 hydras
  Erica (Lair:1)
  A death knight (D:14)
  2 death yaks (Lair:6)
  A skeletal warrior (D:13)
  A guardian serpent (Snake:4)
  2 wolves (Lair:6)
  A centaur (D:12)
16 creatures vanquished.

Vanquished Creatures (others)
  A gargoyle (Volcano)
  An earth elemental (Volcano)
  An orc priest (D:13)
  An orc (Orc:2)
  A goblin zombie (Ossuary)
  47 fungi
  86 plants
138 creatures vanquished.

Grand Total: 1065 creatures vanquished

Notes
Turn   | Place    | Note
-------+----------+-------------------------------------------
     0 | D:1      | MrRokkomies the Gnoll Wanderer began the quest for the Orb.
     0 | D:1      | MrRokkomies set off with the following items: a +0
                  | shortbow, a wand of paralysis (15), 25 arrows, a scroll of
                  | teleportation, a +0 robe
     0 | D:1      | Reached XP level 1. HP: 20/20 MP: 1/1
   297 | D:1      | Reached XP level 2. HP: 26/26 MP: 2/2
   940 | D:1      | Reached XP level 3. HP: 31/31 MP: 3/3
  1185 | D:2      | Reached skill level 1 in Invocations
  1356 | D:2      | Reached skill level 1 in Short Blades
  1356 | D:2      | Reached skill level 1 in Long Blades
  1356 | D:2      | Reached skill level 1 in Axes
  1356 | D:2      | Reached skill level 1 in Polearms
  1356 | D:2      | Reached skill level 1 in Staves
  1356 | D:2      | Reached skill level 1 in Slings
  1356 | D:2      | Reached skill level 1 in Crossbows
  1356 | D:2      | Reached skill level 1 in Dodging
  1356 | D:2      | Reached skill level 1 in Stealth
  1356 | D:2      | Reached skill level 1 in Shields
  1356 | D:2      | Reached skill level 1 in Unarmed Combat
  1356 | D:2      | Reached skill level 1 in Spellcasting
  1371 | D:2      | Reached XP level 4. HP: 38/38 MP: 5/5
  1554 | D:2      | Found a hazy altar of Hepliaklqana.
  1558 | D:2      | Found a burning altar of Makhleb.
  1597 | D:2      | Became a worshipper of Makhleb the Destroyer
  1857 | D:2      | Reached skill level 1 in Conjurations
  1857 | D:2      | Reached skill level 1 in Hexes
  1857 | D:2      | Reached skill level 1 in Summonings
  1857 | D:2      | Reached skill level 1 in Necromancy
  1857 | D:2      | Reached skill level 1 in Translocations
  1857 | D:2      | Reached skill level 1 in Transmutations
  1857 | D:2      | Reached skill level 1 in Fire Magic
  1857 | D:2      | Reached skill level 1 in Ice Magic
  1857 | D:2      | Reached skill level 1 in Air Magic
  1857 | D:2      | Reached skill level 1 in Earth Magic
  1857 | D:2      | Reached skill level 1 in Poison Magic
  2456 | D:3      | Reached XP level 5. HP: 43/43 MP: 6/6
  2605 | D:3      | Reached * piety under Makhleb
  2959 | D:3      | Found a radiant altar of Vehumet.
  3349 | D:4      | Found Qoenutza's Jewellery Shoppe.
  3567 | D:4      | Reached XP level 6. HP: 40/50 MP: 8/8
  3935 | D:4      | Found a sand-covered staircase.
  3945 | Ossuary  | Entered an ossuary
  3963 | Ossuary  | Reached skill level 5 in Fighting
  3963 | Ossuary  | Reached skill level 5 in Bows
  4136 | Ossuary  | Reached XP level 7. HP: 51/56 MP: 10/10
  4141 | Ossuary  | Reached skill level 7 in Armour
  4189 | Ossuary  | Reached ** piety under Makhleb
  4993 | Ossuary  | Reached XP level 8. HP: 63/63 MP: 12/12
  5422 | D:4      | Found a sacrificial altar of Ru.
  5528 | D:4      | Found a white marble altar of Elyvilon.
  5846 | D:5      | Entered Level 5 of the Dungeon
  6045 | D:5      | Noticed Pikel
  6097 | D:5      | Killed Pikel
  6203 | D:5      | Noticed Edmund
  6237 | D:5      | Killed Edmund
  6237 | D:5      | Reached XP level 9. HP: 36/69 MP: 14/14
  6426 | D:5      | Noticed Menkaure
  6435 | D:5      | Killed Menkaure
  7177 | D:6      | Reached skill level 5 in Maces & Flails
  7177 | D:6      | Reached skill level 5 in Throwing
  7177 | D:6      | Reached skill level 5 in Evocations
  7279 | D:6      | Reached *** piety under Makhleb
  7558 | D:6      | Found Helarof's Gadget Emporium.
  7566 | D:6      | Bought a condenser vane (2/2) for 220 gold pieces
  7582 | D:6      | Reached skill level 8 in Armour
  7762 | D:6      | Found a basalt altar of Yredelemnul.
  7763 | D:6      | Found a bloodstained altar of Trog.
  7908 | D:7      | Found a staircase to the Ecumenical Temple.
  7943 | D:7      | Found a snail-covered altar of Cheibriados.
  8002 | D:7      | Reached skill level 5 in Invocations
  8651 | D:7      | Reached XP level 10. HP: 76/76 MP: 17/17
  8839 | D:7      | Reached **** piety under Makhleb
  9161 | D:8      | Reached skill level 5 in Short Blades
  9161 | D:8      | Reached skill level 5 in Long Blades
  9161 | D:8      | Reached skill level 5 in Axes
  9161 | D:8      | Reached skill level 5 in Polearms
  9161 | D:8      | Reached skill level 5 in Staves
  9161 | D:8      | Reached skill level 5 in Slings
  9161 | D:8      | Reached skill level 5 in Crossbows
  9161 | D:8      | Reached skill level 5 in Dodging
  9161 | D:8      | Reached skill level 5 in Stealth
  9161 | D:8      | Reached skill level 5 in Shields
  9161 | D:8      | Reached skill level 5 in Unarmed Combat
  9161 | D:8      | Reached skill level 5 in Spellcasting
  9914 | D:8      | Found a sparkling altar of Nemelex Xobeh.
 10170 | D:9      | Paralysed by a hornet for 2 turns
 10412 | D:9      | Noticed a +0 dagger
 10412 | D:9      | Noticed a +0 hand axe
 10416 | D:9      | Found a hide-covered altar of Uskayaw.
 10466 | D:9      | Found a broken altar of Ashenzari.
 11477 | D:9      | Found a shimmering blue altar of Sif Muna.
 11505 | D:10     | Entered Level 10 of the Dungeon
 11783 | D:10     | Found a staircase to the Orcish Mines.
 11893 | D:10     | Reached ***** piety under Makhleb
 11971 | D:10     | Killed an unseen horror
 12142 | D:10     | Reached XP level 11. HP: 44/83 MP: 19/19
 12318 | D:10     | Found Nuqeke Qike's General Store.
 12537 | D:10     | HP: 4/83 [yak (8)]
 12829 | D:10     | Reached skill level 9 in Armour
 13068 | D:11     | Noticed Josephine
 13095 | D:11     | Reached skill level 5 in Conjurations
 13095 | D:11     | Reached skill level 5 in Hexes
 13095 | D:11     | Reached skill level 5 in Summonings
 13095 | D:11     | Reached skill level 5 in Necromancy
 13095 | D:11     | Reached skill level 5 in Translocations
 13095 | D:11     | Reached skill level 5 in Transmutations
 13095 | D:11     | Reached skill level 5 in Fire Magic
 13095 | D:11     | Reached skill level 5 in Ice Magic
 13095 | D:11     | Reached skill level 5 in Air Magic
 13095 | D:11     | Reached skill level 5 in Earth Magic
 13095 | D:11     | Reached skill level 5 in Poison Magic
 13350 | D:11     | Found a staircase to the Lair.
 13511 | D:11     | Noticed a seven-headed hydra
 13520 | D:11     | Noticed a two-headed ogre
 13681 | D:11     | Killed Josephine
 14036 | D:11     | Killed a two-headed ogre
 14665 | D:11     | Learned a level 3 spell: Gell's Gravitas
 14851 | D:11     | Found a transporter.
 14851 | D:11     | Found a one-way gate to the infinite horrors of the Abyss.
 14851 | D:11     | Noticed Ikkaipock's ghost (journeyman KoVM)
 14860 | D:11     | Identified the +2 spear of Proximity {distort, +Inv Int+4}
 14872 | D:11     | Found a transporter.
 14879 | D:11     | Noticed a hell hog
 15014 | D:11     | Killed a seven-headed hydra
 15350 | D:12     | Noticed an eight-headed hydra
 15359 | D:12     | Killed an eight-headed hydra
 15464 | D:12     | Noticed a manticore
 15480 | D:12     | Killed a manticore
 15480 | D:12     | Reached XP level 12. HP: 66/93 MP: 22/22
 15645 | D:12     | Noticed Snorg
 15673 | D:12     | Killed Snorg
 17207 | D:12     | Noticed Fannar
 17232 | D:12     | Killed Fannar
 17506 | D:12     | Noticed a centaur warrior
 17517 | D:12     | Killed a centaur warrior
 17962 | Lair:1   | Entered Level 1 of the Lair of Beasts
 18176 | Lair:1   | Got a steaming flail
 18177 | Lair:1   | Identified the cursed +2 flail "Wujoniem" {freeze, rElec
                  | rPois Str-4 Int+4} (You found it on level 1 of the Lair of
                  | Beasts)
 18465 | Lair:1   | Noticed an eight-headed hydra
 18480 | Lair:1   | Killed an eight-headed hydra
 18480 | Lair:1   | Reached skill level 10 in Armour
 18572 | Lair:1   | Noticed Erica
 18585 | Lair:1   | Killed Erica
 18969 | Lair:2   | Noticed a six-headed hydra
 18980 | Lair:2   | Killed a six-headed hydra
 19008 | Lair:2   | Found a staircase to the Shoals.
 19345 | Lair:2   | Got a slimy glass ring
 19347 | Lair:2   | Identified the ring "Acyurch" {+Blink rF+ Str+6 Dex+3} (You
                  | found it on level 2 of the Lair of Beasts)
 19471 | Lair:2   | Reached XP level 13. HP: 74/101 MP: 24/24
 20001 | Lair:2   | Found a staircase to the Snake Pit.
 21753 | Lair:4   | Found a dark tunnel.
 21758 | Volcano  | Entered a volcano
 22146 | Volcano  | Found a bloodstained altar of Trog.
 22159 | Volcano  | Noticed a stone giant
 22184 | Volcano  | Killed a stone giant
 23003 | D:4      | Bought the ring "Gydio" {rPois rF+ Str+2 Int+6} for 970
                  | gold pieces
 24272 | Lair:5   | Got a shimmering ring mail
 24283 | Lair:5   | Identified the +3 ring mail of Trumpets {Harm rC+ MP-9}
                  | (You found it on level 5 of the Lair of Beasts)
 24468 | Lair:5   | Found a viscous altar of Jiyva.
 24468 | Lair:5   | Found a staircase to the Slime Pits.
 24662 | Lair:5   | Reached XP level 14. HP: 109/109 MP: 24/26
 25056 | Lair:6   | Entered Level 6 of the Lair of Beasts
 25062 | Lair:6   | Reached skill level 10 in Fighting
 25062 | Lair:6   | Reached skill level 10 in Bows
 25182 | Lair:6   | Reached skill level 11 in Armour
 26019 | Lair:6   | Found a runed translucent door.
 26054 | Lair:6   | Reached skill level 10 in Invocations
 26138 | Lair:6   | HP: 1/110 [torpor snail (11)]
 27446 | Lair:6   | Learned a level 6 spell: Freezing Cloud
 27477 | Lair:6   | Reached skill level 10 in Maces & Flails
 27477 | Lair:6   | Reached skill level 10 in Throwing
 27477 | Lair:6   | Reached skill level 10 in Evocations
 28166 | Orc:1    | Entered Level 1 of the Orcish Mines
 28212 | Orc:1    | You fall into a shaft and drop 1 floor!
 28212 | Orc:2    | Entered Level 2 of the Orcish Mines
 28218 | Orc:2    | Found Meagui's General Store.
 28311 | Orc:2    | Found Xiass's Book Shoppe.
 28358 | Orc:1    | Reached XP level 15. HP: 117/117 MP: 28/28
 28491 | Orc:2    | Found a staircase to the Elven Halls.
 28599 | Orc:1    | Paralysed by an orc sorcerer for 3 turns
 28605 | Orc:1    | Paralysed by an orc sorcerer for 2 turns
 29061 | Orc:1    | Reached ****** piety under Makhleb
 29390 | Orc:2    | Found Cikouz's Armour Shop.
 29568 | Orc:2    | Found Paepp's Jewellery Emporium.
 29575 | Orc:2    | Found Femin's Jewellery Boutique.
 29584 | Orc:2    | Bought an uncursed ring of see invisible for 240 gold
                  | pieces
 29584 | Orc:2    | Bought an uncursed amulet of the acrobat for 480 gold
                  | pieces
 29684 | Orc:2    | Found a roughly hewn altar of Beogh.
 29817 | Orc:2    | Found Hoaff's Antique Weapon Shop.
 29840 | Orc:2    | Found Hof Agit's Antique Weapon Emporium.
 29923 | Orc:2    | Found Amontime's Antique Armour Shop.
 29947 | Orc:2    | Found Oporgh's Gadget Emporium.
 30588 | D:13     | Reached skill level 10 in Short Blades
 30588 | D:13     | Reached skill level 10 in Long Blades
 30588 | D:13     | Reached skill level 10 in Axes
 30588 | D:13     | Reached skill level 10 in Polearms
 30588 | D:13     | Reached skill level 10 in Staves
 30588 | D:13     | Reached skill level 10 in Slings
 30588 | D:13     | Reached skill level 10 in Crossbows
 30588 | D:13     | Reached skill level 10 in Dodging
 30588 | D:13     | Reached skill level 10 in Stealth
 30588 | D:13     | Reached skill level 10 in Shields
 30588 | D:13     | Reached skill level 10 in Unarmed Combat
 30588 | D:13     | Reached skill level 10 in Spellcasting
 31384 | D:13     | Found a gate to the Vaults.
 31567 | D:13     | Identified Qesap's Compendium of Ashen Execration
 31644 | D:13     | Found a sacrificial altar of Ru.
 31952 | D:14     | Gained mutation: Your mind is acute. (Int +2) [a shining
                  | eye]
 31961 | D:14     | Reached skill level 12 in Armour
 32183 | D:14     | Got a brightly glowing copper ring
 32190 | D:14     | Identified the ring "Netyrry" {*Tele MR+} (You found it on
                  | level 14 of the Dungeon)
 32192 | D:14     | Identified the cursed +1 robe of Valour {Harm +Fly SInv
                  | Stlth-} (You found it on level 14 of the Dungeon)
 32974 | D:14     | Reached XP level 16. HP: 125/125 MP: 30/30
 32979 | D:14     | Noticed Frances
 32991 | D:14     | Killed Frances
 33214 | D:15     | Entered Level 15 of the Dungeon
 33569 | D:15     | Noticed Nessos
 33588 | D:15     | Killed Nessos
 34091 | D:15     | Found a staircase to the Depths.
 34279 | D:15     | Learned a level 5 spell: Lee's Rapid Deconstruction
 34284 | D:15     | Learned a level 4 spell: Iskenderun's Mystic Blast
 34290 | D:15     | Learned a level 5 spell: Metabolic Englaciation
 34464 | Snake:1  | Entered Level 1 of the Snake Pit
 34470 | Snake:1  | Identified the +1 robe "Gesmuc" {rCorr} (You found it on
                  | level 1 of the Snake Pit)
 34698 | Snake:1  | Noticed Aizul
 34720 | Snake:1  | Killed Aizul
 35516 | Snake:1  | Noticed Jorgrun
 35530 | Snake:1  | Killed Jorgrun
 35893 | Snake:2  | Noticed a nagaraja
 35903 | Snake:2  | Killed a nagaraja
 35999 | Snake:2  | Found a runed translucent door.
 36006 | Snake:2  | Noticed Gargoyl's ghost (adept GnAK)
 36030 | Snake:2  | Noticed a nagaraja
 37067 | Snake:2  | Killed a nagaraja
 37481 | Snake:3  | Noticed a nagaraja
 37489 | Snake:3  | Killed a nagaraja
 37489 | Snake:3  | Reached XP level 17. HP: 131/133 MP: 32/32
 38020 | Snake:3  | Learned a level 5 spell: Borgnjor's Vile Clutch
 39040 | Snake:4  | Entered Level 4 of the Snake Pit
 39833 | Snake:4  | Reached skill level 13 in Armour
 40505 | Snake:4  | Reached skill level 10 in Conjurations
 40505 | Snake:4  | Reached skill level 10 in Hexes
 40505 | Snake:4  | Reached skill level 10 in Summonings
 40505 | Snake:4  | Reached skill level 10 in Necromancy
 40505 | Snake:4  | Reached skill level 10 in Translocations
 40505 | Snake:4  | Reached skill level 10 in Transmutations
 40505 | Snake:4  | Reached skill level 10 in Fire Magic
 40505 | Snake:4  | Reached skill level 10 in Ice Magic
 40505 | Snake:4  | Reached skill level 10 in Air Magic
 40505 | Snake:4  | Reached skill level 10 in Earth Magic
 40505 | Snake:4  | Reached skill level 10 in Poison Magic
 40522 | Snake:4  | Killed from afar by a nagaraja

Illustrated notes

Levels and vault maps discovered:
D:1:      minmay_arrival_stone_box, layout_basic
D:2:      layout_basic, minitemple
D:3:      layout_loops_corners, vehumet_crystals
D:4:      layout_cave_pods, kennysheep_mini_moat, elyvilon_altar_3,
          enter_ossuary_3, serial_shops, shop_fountains
D:5:      layout_basic, nrook_loot_triangle, uniq_pikel, uniq_menkaure,
          uniq_edmund
D:6:      layout_cave_pools, chequers_temple_overflow_statue_of_worship,
          serial_shops, shop_fountains, minivault_23
D:7:      layout_basic, slow_altar_1, minmay_temple_entry_statues_fountains
D:8:      layout_cave_pools, marbit_many_paths, grunt_ministairs_13
D:9:      layout_basic, nicolae_ashenzari_panopticon, dancing_weapons_uskayaw,
          tgw_sif, the_bakery
D:10:     layout_rooms, david_orc_3, serial_curves, eino_curves_03,
          eino_curves_01, serial_shops, shop, hangedman_glass_teeth
D:11:     layout_gridville, lair_entry_dummy, gammafunk_ghost_abyssal_escape,
          hive_lemuel, uniq_josephine
D:12:     layout_grid_maze, uniq_snorg, uniq_fannar
D:13:     layout_rooms, lightli_vaults_fourway_checkpoint,
          nicolae_ru_path_of_blood
D:14:     layout_long_grid, minmay_misc_feat_square, minmay_evil_grid,
          uniq_frances
D:15:     hangedman_depths_entry_try_elsewhere_first, layout_rooms,
          serial_park_square1 [serial_park_minivault_5x5_1], fountainhead,
          uniq_nessos
Lair:1:   layout_regular_city, lemuel_fruit_fields, serial_bayou_shore_b,
          infiniplex_staircase_pool, uniq_erica
Lair:2:   layout_loops_ring, shoals_dummy_entry,
          minmay_snake_entry_guardpost_large, small_statue_intersection, pond
Lair:3:   layout_chaotic_city, minivault_23, chequers_serial_rivers_micro_c
Lair:4:   layout_roguey, enter_volcano_4
Lair:5:   layout_gridlike, slime_altar_1
Lair:6:   wormcave, layout_cave_pods, hangedman_lair_tendril_chambers
Snake:1:  layout_basic, st_stairs_14, uniq_aizul, uniq_jorgrun
Snake:2:  layout_cave_town, ebering_ghost_reflecting_pool
Snake:3:  layout_cave_town
Snake:4:  grunt_snake_rune_serpentine_throne, layout_layer_cave, uniq_kirke
Orc:1:    layout_diamond_mine
Orc:2:    st_orc_town, layout_diamond_mine, serial_shops, shop,
          nicolae_shop_statue_plus, shop, nicolae_shop_crystal, shop

Skill      XL: |  1  2  3  4  5  6  7  8  9 10 11 12 13 14 15 16 17 |
---------------+----------------------------------------------------+-----
Invocations    | 1 2 3 4 5 6 7 8 9 10 11 12 | 12.6
Short Blades   | 1 2 3 4 5 6 7 8 9 10 11 | 11.6
Long Blades    | 1 2 3 4 5 6 7 8 9 10 11 | 11.6
Axes           | 1 2 3 4 5 6 7 8 9 10 11 | 11.6
Polearms       | 1 2 3 4 5 6 7 8 9 10 11 | 11.6
Staves         | 1 2 3 4 5 6 7 8 9 10 11 | 11.6
Slings         | 1 2 3 4 5 6 7 8 9 10 11 | 11.6
Crossbows      | 1 2 3 4 5 6 7 8 9 10 11 | 11.6
Dodging        | 1 2 3 4 5 6 7 8 9 10 11 | 11.6
Stealth        | 1 2 3 4 5 6 7 8 9 10 11 | 11.6
Shields        | 1 2 3 4 5 6 7 8 9 10 11 | 11.6
Unarmed Combat | 1 2 3 4 5 6 7 8 9 10 11 | 11.6
Spellcasting   | 1 2 3 4 5 6 7 8 9 10 11 | 11.6
Conjurations   | 1 2 3 4 5 6 7 8 9 10 | 10.0
Hexes          | 1 2 3 4 5 6 7 8 9 10 | 10.0
Summonings     | 1 2 3 4 5 6 7 8 9 10 | 10.0
Necromancy     | 1 2 3 4 5 6 7 8 9 10 | 10.0
Translocations | 1 2 3 4 5 6 7 8 9 10 | 10.0
Transmutations | 1 2 3 4 5 6 7 8 9 10 | 10.0
Fire Magic     | 1 2 3 4 5 6 7 8 9 10 | 10.0
Ice Magic      | 1 2 3 4 5 6 7 8 9 10 | 10.0
Air Magic      | 1 2 3 4 5 6 7 8 9 10 | 10.0
Earth Magic    | 1 2 3 4 5 6 7 8 9 10 | 10.0
Poison Magic   | 1 2 3 4 5 6 7 8 9 10 | 10.0
Maces & Flails | 3 4 5 6 7 8 9 10 11 | 11.9
Throwing       | 3 4 5 6 7 8 9 10 11 | 11.9
Evocations     | 3 4 5 6 7 8 9 10 11 | 11.9
Fighting       | 5 6 7 8 9 10 11 12 | 12.4
Bows           | 5 6 7 8 9 10 11 12 | 12.4
Armour         | 7 8 9 10 11 12 13 | 13.1

Action                   |  1- 3 |  4- 6 |  7- 9 | 10-12 | 13-15 | 16-18 || total
-------------------------+-------+-------+-------+-------+-------+-------++-------
Melee: Short sword       |       |    83 |       |       |       |       ||    83
       Bite              |       |    39 |    56 |    44 |   118 |    42 ||   299
       Punch             |       |     5 |     4 |     1 |       |       ||    10
       Dagger            |       |   229 |   318 |       |       |       ||   547
       Whip              |       |       |    32 |       |       |       ||    32
       Flail             |       |       |    78 |    95 |     1 |       ||   174
       Battleaxe         |       |       |       |   302 |   789 |   224 ||  1315
       Scimitar          |       |       |       |       |    19 |       ||    19
 Fire: Shortbow          |    58 |    81 |   205 |   384 |   481 |    19 ||  1228
       Longbow           |       |       |       |       |       |   456 ||   456
Throw: Dart              |       |     1 |    13 |    24 |    28 |       ||    66
 Cast: Gell's Gravitas   |       |       |       |    11 |       |       ||    11
       Metabolic Englaci |       |       |       |       |       |    12 ||    12
       Freezing Cloud    |       |       |       |       |       |     8 ||     8
Invok: Lesser Servant of |       |       |       |     5 |     9 |     3 ||    17
       Major Destruction |       |       |       |       |     8 |     1 ||     9
       Greater Servant o |       |       |       |       |     1 |       ||     1
 Abil: Evoke Blink       |       |       |       |       |    13 |     3 ||    16
Evoke: Wand              |       |       |     2 |    10 |    11 |    12 ||    35
       Condenser vane    |       |       |       |     3 |     4 |       ||     7
  Use: Scroll            |       |     8 |    10 |    17 |    14 |     5 ||    54
       Potion            |       |       |       |     3 |     7 |     4 ||    14
 Stab: Sleeping          |       |       |     4 |    15 |     7 |     4 ||    30
       Paralysed         |       |       |     8 |     4 |     5 |     4 ||    21
       Distracted        |       |       |       |     1 |     4 |       ||     5
       Invisible         |       |       |       |       |     7 |       ||     7
Armor: Robe              |     1 |       |       |       |       |       ||     1
       Ring mail         |     6 |   154 |   213 |   323 |    14 |       ||   710
       Skin              |       |       |       |     6 |       |       ||     6
       Chain mail        |       |       |       |       |   169 |       ||   169
       Plate armour      |       |       |       |       |    62 |       ||    62
       Ice dragon scales |       |       |       |       |   266 |   231 ||   497
Dodge: Dodged            |    11 |   192 |   249 |   586 |   860 |   458 ||  2356
       Rpst.: Scimitar   |       |       |       |       |     3 |       ||     3

Table legend: (Time is in decaauts)
 A = Elapsed time spent in this place.
 B = Non-inter-level travel time spent in this place.
 C = Inter-level travel time spent in this place.
 D = Time resting spent in this place.
 E = Time spent auto-exploring this place.
 F = Levels seen in this place.
 G = Mean time per level.
                   A        B        C        D        E       F      G
               +--------+--------+--------+--------+--------+-----+--------+
         Total |  40781 |  39033 |   1748 |   5703 |  25615 |  29 | 1406.2 |
       Dungeon |  21385 |  20310 |   1075 |   3285 |  13233 |  15 | 1425.7 |
          Lair |   8908 |   8412 |    496 |    481 |   6352 |   6 | 1484.7 |
     Snake Pit |   6155 |   6072 |     83 |   1115 |   3903 |   4 | 1538.8 |
  Orcish Mines |   2168 |   2075 |     93 |    142 |   1340 |   2 | 1084.0 |
       Ossuary |   1170 |   1170 |      0 |    154 |    572 |   1 | 1170.0 |
       Volcano |    993 |    993 |      0 |    526 |    214 |   1 |  993.0 |
               +--------+--------+--------+--------+--------+-----+--------+

Top non-repeatable levels by time:
    D:12: 3119 daAuts
  Lair:6: 2700 daAuts
    D:11: 2559 daAuts
 Snake:3: 2355 daAuts
 Snake:2: 1735 daAuts
    D:10: 1638 daAuts
    D:14: 1489 daAuts
     D:9: 1465 daAuts
  Lair:2: 1439 daAuts
  Lair:3: 1354 daAuts
     D:4: 1330 daAuts
 Snake:1: 1280 daAuts
     D:7: 1203 daAuts
   Orc:1: 1193 daAuts
  Lair:4: 1175 daAuts
